 Dungeon Crawl Stone Soup version 0.32-a0-656-g3542139ebd (webtiles) character file.

Game seed: 8817234740268980132

2579 gimp the Cleaver (level 9, -1/74 HPs)
             Began as a Ghoul Gladiator on Mar 8, 2024.
             Was a Follower of Makhleb.
             Slain by Erica
             ... wielding a +2 scimitar of flaming
              (4 damage)
             ... on level 8 of the Dungeon.
             The game lasted 00:13:43 (6900 turns).

gimp the Cleaver (Ghoul Gladiator)                  Turns: 6900, Time: 00:13:44

Health: -1/74      AC: 11    Str: 22    XL:     9   Next: 58%
Magic:  9/9        EV: 12    Int:  7    God:    Makhleb [*.....]
Gold:   293        SH:  0    Dex: 10    Spells: 8/8 levels left

rFire   . . .        a - +0 war axe
rCold   + . .        (no shield)
rNeg    + + +        k - +3 leather armour
rPois   ∞            c - +0 helmet
rElec   .            g - +0 cloak
rCorr   .            x - +0 pair of gloves
SInv    .            q - +0 pair of boots
Will    .....        w - amulet of faith Stlth
                     (no ring)
HPRegen 0.00/turn    (no ring)
MPRegen 0.11/turn

%: faith
@: confused, inhibited regen, slowed, very slow
A: claws 1, cold resistance 1, negative energy resistance 3, inhibited
regeneration, torment resistance 2, devour on kill
a: Renounce Religion


You were on level 8 of the Dungeon.
You worshipped Makhleb.
Makhleb was aware of your devotion.
You visited 2 branches of the dungeon, and saw 9 of its levels.

You collected 293 gold pieces.

Inventory:

Hand Weapons
 a - a +0 war axe (weapon)
Missiles
 d - 4 throwing nets
 e - a javelin
 f - 4 curare-tipped darts
Armour
 c - a +0 helmet (worn)
 g - a +0 cloak (worn)
 h - a +0 chain mail
 k - a +3 leather armour (worn)
 q - a +0 pair of boots (worn)
 x - a +0 pair of gloves (worn)
Jewellery
 w - an amulet of faith (around neck)
Wands
 o - a wand of polymorph (14)
 v - a wand of roots (5)
 y - a wand of charming (12)
Scrolls
 i - a scroll of enchant weapon {unknown}
 j - 2 scrolls of brand weapon {unknown}
 m - 2 scrolls of fear {unknown}
 r - 3 scrolls of poison {unknown}
 s - 2 scrolls of teleportation {unknown}
 t - a scroll of acquirement {unknown}
Potions
 b - 2 potions of magic
 p - 2 potions of cancellation
 u - 3 potions of attraction


   Skills:
 - Level 5.0 Fighting
 * Level 10.5 Axes
 - Level 1.7 Throwing
 + Level 4.0 Armour
 - Level 2.6 Dodging


You had 8 spell levels left.
You didn't know any spells.
Your spell library contained the following spells:

 Spells                   Type           Power      Damage    Failure   Level
 Vhi's Electric Charge    Tloc/Air       0%         N/A       99%         4
 Arcjolt                  Conj/Air       0%         1d10      100%        5
 Maxwell's Capacitive Co  Air            0%         ∞         100%        8


Dungeon Overview and Level Annotations

Branches:
Dungeon (8/15)             Temple (1/1) D:4
   Lair: D:8-11

Altars:
Dithmenos
Fedhas
Gozag
Hepliaklqana
Kikubaaqudgha
Makhleb
Nemelex Xobeh
Okawaru
Qazlal
Ru
Sif Muna
Trog
Uskayaw
Vehumet
Wu Jian
Xom
Yredelemnul

Annotations:
D:8 Erica


Innate Abilities, Weirdness & Mutations

You are immune to poison.
You have sharp fingernails.
Your flesh is cold resistant. (rC+)
You are immune to negative energy. (rN+++)
You do not regenerate when monsters are visible.
You are immune to unholy pain and torment.
You thrive by killing the living.


Message History

Your will is overpowered!
You are more confused.
You are constricted.
You regained 25 hp, and now have 33/74 hp.
You feel better. Something hits you but does no damage.
You are constricted.
You regained 9 hp, and now have 42/74 hp.
Unknown command.
Erica's grasp on you weakens, but your attempt to escape fails.
Something hits you! Something burns you.
You are constricted.
You hear some strange, mumbled words.
A bolt of poison appears from out of thin air!
The bolt of poison hits you but does no damage.
You resist.
You are constricted.
You take 14 damage, and have 28/74 hp.
Unknown command.
You escape Erica's grasp.
You hear a zap.
Your will is overpowered!
You are confused.
There is a stone staircase leading up here.
You hear a zap.
Your will is overpowered!
You are more confused.
In your confused state, you trip and fall back down the stairs.
You hear some strange, mumbled words.
Something tries to affect you, but you resist.
You take 1 damage, and have 27/74 hp.
Unknown command.
Unknown command.
You feel better. Something hits you! Something burns you. Something grabs you.
You are constricted.
Something hits you. Something burns you.
* * * LOW HITPOINT WARNING * * *
You are constricted.
* * * LOW HITPOINT WARNING * * *
You take 9 damage, and have 18/74 hp.
Unknown command.
You feel better.
You hear a zap.
Your will is overpowered!
You are confused.
You are constricted.
* * * LOW HITPOINT WARNING * * *
You regained 2 hp, and now have 20/74 hp.
You feel better. Something hits you!
* * * LOW HITPOINT WARNING * * *
Something burns you.
* * * LOW HITPOINT WARNING * * *
You are constricted.
* * * LOW HITPOINT WARNING * * *
You hear a zap.
Your will is overpowered!
You are confused.
You are constricted.
* * * LOW HITPOINT WARNING * * *
You take 13 damage, and have 7/74 hp.
Okay, then.
Unknown command.
Unknown command.
You are too confused!
Unknown command.
Okay, then.
Erica's grasp on you weakens, but your attempt to escape fails.
You hear a zap.
Something tries to affect you, but you resist.
You are constricted.
* * * LOW HITPOINT WARNING * * *
You take 2 damage, and have 5/74 hp.
You escape Erica's grasp.
You hear some strange, mumbled words.
You feel as though you will be slow longer.
Unknown command.
Unknown command.
Something hits you but does no damage. Something grabs you.
You are constricted.
* * * LOW HITPOINT WARNING * * *
You take 1 damage, and have 4/74 hp.
Unknown command.
Erica's grasp on you weakens, but your attempt to escape fails.
You feel less confused.
Reactivating autopickup.
Erica appears from thin air!
Erica stares at you and mumbles some strange words.
The bolt of poison hits you but does no damage.
You resist. Erica constricts you.
* * * LOW HITPOINT WARNING * * *
Erica zaps a wand.
Your will is overpowered!
You are confused.
Erica constricts you.
You take 1 damage, and have 3/74 hp.
Okay, then.
You escape Erica's grasp.
Unknown command.
Unknown command.
Erica says, "Fast and perfect.
Such is my way of killing."
Erica hits you with a +2 scimitar of flaming.
You die...
Erica begins burbling mirthfully and uncontrollably.

#.........#
##......>..#
#..........#
#..........#
#..........#
#..........#
#..........#
#.<.@......#
#..x.$.....#
#.....)....##
#.....)......
#....).......
#########....
..## .#


You could see Erica.

Vanquished Creatures
  Grinder (D:5)
  3 steam dragons (D:7)
  A water moccasin (D:7)
  A sky beast (D:6)
  3 black bears (D:5)
  An ogre (D:5)
  2 centaurs
  A phantom (D:4)
  A bullfrog (D:7)
  2 elf skeletons (D:5)
  3 wights (D:7)
  2 killer bees (D:7)
  2 bombardier beetles
  A jelly (D:7)
  A hound (D:7)
  A gnoll bouda (D:4)
  3 human skeletons (D:5)
  6 orc wizards
  2 sleepcaps
  5 iguanas
  2 adders
  10 gnolls
  2 white imps (D:6)
  3 ufetubi
  3 dart slugs
  20 orcs
  6 bats
  8 endoplasms
  4 giant cockroaches (D:2)
  3 goblins
  4 hobgoblins
  6 jackals
  2 kobolds
  3 quokkas
  4 ball pythons
  A frilled lizard (D:1)
  An orc skeleton (D:5)
  3 rats (D:1)
127 creatures vanquished.

Notes
Turn   | Place    | Note
-------+----------+-------------------------------------------
     0 | D:1      | gimp the Ghoul Gladiator began the quest for the Orb.
     0 | D:1      | Reached XP level 1. HP: 17/17 MP: 1/1
    50 | D:1      | Reached skill level 3 in Axes
    50 | D:1      | Reached XP level 2. HP: 19/25 MP: 2/2
   334 | D:1      | You fall into a shaft and drop 1 floor!
   383 | D:2      | Reached XP level 3. HP: 29/30 MP: 3/3
  1252 | D:3      | Reached XP level 4. HP: 38/38 MP: 4/4
  1268 | D:3      | Reached skill level 4 in Axes
  1841 | D:4      | Found a staircase to the Ecumenical Temple.
  1850 | Temple   | Entered the Ecumenical Temple
  2253 | D:5      | Entered Level 5 of the Dungeon
  2253 | D:5      | Noticed an ogre
  2253 | D:5      | Noticed a centaur
  2287 | D:5      | Noticed Grinder
  2287 | D:5      | Noticed a black bear
  2287 | D:5      | Noticed a phantom
  2419 | D:5      | Noticed a wraith
  2419 | D:5      | Noticed a kobold demonologist
  2465 | D:4      | Reached XP level 5. HP: 10/46 MP: 5/5
  2536 | D:4      | Killed a phantom
  2608 | D:4      | Reached skill level 5 in Axes
  2618 | D:4      | Reached XP level 6. HP: 19/52 MP: 6/6
  2913 | D:5      | Killed a black bear
  2917 | D:5      | Paralysed by Grinder for 2 turns
  2922 | D:5      | Paralysed by Grinder for 3 turns
  2926 | D:5      | Killed Grinder
  2927 | D:5      | Reached skill level 5 in Fighting
  2927 | D:5      | Reached skill level 6 in Axes
  2927 | D:5      | Reached XP level 7. HP: 36/61 MP: 7/7
  3212 | D:5      | Reached skill level 7 in Axes
  3377 | D:5      | Reached XP level 8. HP: 30/68 MP: 8/8
  3619 | D:5      | Reached skill level 8 in Axes
  4085 | D:5      | Found a shimmering altar of Xom.
  4091 | D:5      | Found a sacrificial altar of Ru.
  4096 | D:5      | Found a burning altar of Makhleb.
  4166 | D:5      | Became a worshipper of Makhleb the Destroyer
  4619 | D:5      | Reached skill level 1 in Armour
  4819 | D:6      | Reached skill level 9 in Axes
  5057 | D:6      | Found a radiant altar of Vehumet.
  5057 | D:6      | Found a faded altar of an unknown god.
  5068 | D:6      | Found a sparkling altar of Nemelex Xobeh.
  5070 | D:6      | Found a faded altar of an unknown god.
  5536 | D:7      | Reached * piety under Makhleb
  5537 | D:7      | Reached XP level 9. HP: 40/74 MP: 9/9
  5834 | D:7      | Reached skill level 10 in Axes
  6869 | D:8      | Noticed Erica
  6898 | D:8      | HP: 3/74 [constriction (1)]
  6900 | D:8      | Slain by Erica

Illustrated notes

Levels and vault maps discovered:
D:1:      wander_arrival_peaceful_grave, layout_loops_ring,
          chequers_ecumenical_altar_twisty, st_stairs_12, minmay_pentomino_x2
D:2:      layout_loops_ring, minmay_worlds_worst_comb
D:3:      layout_basic
D:4:      layout_basic, minmay_temple_entry_junction,
          chequers_serial_rivers_large_b
D:5:      layout_cave_pods, minmay_overflow_temple_star_quad,
          nicolae_ossuary_entry_catacombs, lightli_corner_chamber, uniq_grinder
D:6:      layout_basic, chequers_temple_overflow_minitemple
D:7:      layout_basic, grunt_tough_drop
D:8:      layout_gridville, mainiacjoe_overflow_concentric_impassable,
          uniq_grum, uniq_erica, uniq_maurice
Temple:   minmay_temple_curvy_branch

Skill      XL: |  1  2  3  4  5  6  7  8  9 |
---------------+----------------------------+-----
Axes           | 3 4 5 6 7 9 10 | 10.5
Fighting       | 3 4 5 |  5.0
Armour         | 2 4 |  4.0
Throwing       | |  1.7
Dodging        | |  2.6

Action                     |  1- 3 |  4- 6 |  7- 9 || total
---------------------------+-------+-------+-------++-------
  Melee: War axe           |    87 |   123 |   319 ||   529
  Throw: Throwing net      |       |     3 |       ||     3
         Dart              |       |     1 |     4 ||     5
  Evoke: Wand              |       |       |     2 ||     2
    Use: Scroll            |       |     4 |     1 ||     5
         Potion            |       |       |     5 ||     5
   Stab: Held in net/web   |       |     1 |       ||     1
 Armour: Leather armour    |    17 |   115 |   306 ||   438
         Plate armour      |    46 |       |       ||    46
         Chain mail        |    18 |       |       ||    18
  Dodge: Dodged            |    45 |    86 |   236 ||   367

Table legend: (Time is in decaauts)
 A = Elapsed time spent in this place.
 B = Non-inter-level travel time spent in this place.
 C = Inter-level travel time spent in this place.
 D = Time resting spent in this place.
 E = Time spent auto-exploring this place.
 F = Levels seen in this place.
 G = Mean time per level.
                   A        B        C        D        E       F      G
               +--------+--------+--------+--------+--------+-----+--------+
         Total |   7016 |   6531 |    485 |    380 |   4654 |   9 |  779.6 |
       Dungeon |   7014 |   6529 |    485 |    380 |   4654 |   8 |  876.8 |
        Temple |      1 |      1 |      0 |      0 |      0 |   1 |    1.0 |
               +--------+--------+--------+--------+--------+-----+--------+

Top non-repeatable levels by time:
     D:5: 1677 daAuts
     D:7: 1660 daAuts
     D:4: 1394 daAuts
     D:6: 676 daAuts
     D:3: 623 daAuts
     D:2: 596 daAuts
     D:1: 343 daAuts
     D:8: 42 daAuts
  Temple: 1 daAuts
